 Dungeon Crawl Stone Soup version 0.13-a0-2590-g8c14591 (webtiles) character file.

2616 4tharraofdagon the Magician (level 9, -6/62 HPs)
             Began as a Demigod Fire Elementalist on Aug 2, 2013.
             Mangled by a wyvern (12 damage)
             ... on Level 9 of the Dungeon.
             The game lasted 00:13:46 (1883 turns).

4tharraofdagon the Magician (DgFE)                  Turns: 1883, Time: 00:13:46

HP  -6/62        AC  7     Str 11      XL: 9   Next:  2%
MP  14/26        EV 12     Int 23      God:
Gold 236         SH  0     Dex 19      Spells:  4 memorised,  9 levels left

Res.Fire  : + + .   See Invis. : .   m - +2,+3 elf short sword (vamp)
Res.Cold  : . . .   Warding    : .   y - +2 robe {rF+}
Life Prot.: + . .   Conserve   : .   (no shield)
Res.Poison: .       Res.Corr.  : .   j - +0 helmet
Res.Elec. : .       Clarity    : .   (no cloak)
Sust.Abil.: . .     Spirit.Shd : .   q - +1 pair of gloves of Uzikun {rN+}
Res.Mut.  : .       Stasis     : .   (no boots)
Res.Rott. : .       Flight     : .   a - amulet of the gourmand
Gourmand  : +                        (no ring)
                                     l - ring of protection from fire

@: somewhat resistant to hostile enchantments, fairly stealthy
A: no striking features
a: no special abilities


You were on level 9 of the Dungeon.
You were not hungry.

You visited 1 branch of the dungeon, and saw 10 of its levels.

You collected 216 gold pieces.

Inventory:

Hand weapons
 g - a +0,+0 spear (quivered)
 m - a +2,+3 elven vampiric short sword (weapon)
Armour
 j - a +0 helmet (worn)
 q - the +1 pair of gloves of Uzikun (worn) {rN+}
   (You found it on level 5 of the Dungeon)

   It protects you from negative energy.
 y - a +2 robe of fire resistance (worn)
Magical devices
 o - a wand of confusion (14) {unknown}
Comestibles
 d - a meat ration
 n - an apple
 r - 2 bread rations
Scrolls
 f - 4 scrolls of identify
 i - 2 scrolls of curse jewellery
 p - a scroll of recharging {unknown}
 s - 2 scrolls of teleportation
Jewellery
 a - an amulet of the gourmand (around neck)
 l - a ring of protection from fire (left hand)
Potions
 c - a potion of invisibility {unknown}
 e - a potion of restore abilities
 k - a potion of heal wounds
Books
 b - a book of Flames

   Spells                             Type                      Level
   *Flame Tongue                      Conjuration/Fire             1
   Throw Flame                        Conjuration/Fire             2
   *Conjure Flame                     Conjuration/Fire             3
   Inner Flame                        Hexes/Fire                   3
   *Sticky Flame                      Conjuration/Fire             4
   *Fireball                          Conjuration/Fire             5
 h - a book of Changes

   Spells                             Type                      Level
   Beastly Appendage                  Transmutation                1
   Sticks to Snakes                   Transmutation                2
   Spider Form                        Transmutation/Poison         3
   Ice Form                           Ice/Transmutation            4
   Blade Hands                        Transmutation                5


   Skills:
 - Level 1.7 Dodging
 - Level 1.7 Stealth
 * Level 7.4 Spellcasting
 + Level 5.6 Conjurations
 + Level 6.2 Fire Magic


You had 9 spell levels left.
You knew the following spells:

 Your Spells              Type           Power        Failure   Level  Hunger
a - Flame Tongue          Conj/Fire      #####        1%          1    None
b - Conjure Flame         Conj/Fire      #####...     1%          3    None
c - Sticky Flame          Conj/Fire      #####...     10%         4    ###....
d - Fireball              Conj/Fire      #####.....   21%         5    ####...


Dungeon Overview and Level Annotations

Branches:
Dungeon (10/27)            Temple (0/1) D:7            Lair (0/8) D:10
    Orc: D:6-11


Message History

The wyvern is moderately wounded.
The wyvern is covered in liquid flames!
The wyvern burns!
The wyvern barely misses you.
Unknown command.
You hit the wyvern.
You feel better.
The wyvern is heavily wounded.
The wyvern burns!
The wyvern bites you!
Unknown command.
You hit the wyvern but do no damage.
The wyvern is severely wounded.
The wyvern burns!
The wyvern bites you!
* * * LOW HITPOINT WARNING * * *
The wyvern closely misses you.
Unknown command.
You barely miss the wyvern.
The wyvern is almost dead.
The wyvern burns!
The wyvern bites you!
* * * LOW HITPOINT WARNING * * *
The wyvern bites you!
You die...

#... ...........#...# ...
......<....#.# ..#
##..........%#
#..###......>...#
#.......#.##..#.## #..#
#...........# #..#
#.##)##...#.... #..#
#.##ยง##.....### #..#
#.##@#.....###
#######..###.##.D........
...%....^)............###
g........###.#...#....#
######>.# #.......##.#
.................#
#.#######.....#### #.
##...## # ##.##


You could see a wyvern (burning).

Vanquished Creatures
  Pikel (D:5)
  Psyche (D:9)
  A fire drake (D:10)
  2 orc warriors
  A slave (D:5)
  An ogre (D:9)
  2 ice beasts
  A phantom (D:8)
  2 sky beasts
  A crocodile (D:10)
  A big kobold (D:10)
  2 giant frogs
  A goliath beetle (D:10)
  3 orc wizards (D:9)
  An iguana (D:6)
  A scorpion (D:8)
  A worker ant (D:8)
  2 adders
  2 giant mites
  A giant eyeball (D:8)
  A giant gecko (D:8)
  11 orcs
  4 bats
  A giant cockroach (D:1)
  3 goblins
  5 hobgoblins
  8 kobolds
  3 quokkas
  A giant newt (D:2)
  9 rats
  2 ballistomycetes (D:7)
76 creatures vanquished.

Vanquished Creatures (others)
  A giant gecko (D:5)
  A bat (D:5)
  A giant spore (D:7)
3 creatures vanquished.

Grand Total: 79 creatures vanquished

Notes
Turn   | Place    | Note
--------------------------------------------------------------
     0 | D:1      | 4tharraofdagon, the Demigod Fire Elementalist, began the quest for the Orb.
     0 | D:1      | Reached XP level 1. HP: 14/14 MP: 5/5
    21 | D:1      | Reached skill level 1 in Conjurations
    71 | D:1      | Reached XP level 2. HP: 20/20 MP: 1/6
   298 | D:2      | Reached skill level 3 in Fire Magic
   298 | D:2      | Reached XP level 3. HP: 23/26 MP: 1/9
   303 | D:2      | Learned a level 3 spell: Conjure Flame
   394 | D:5      | Entered Level 5 of the Dungeon
   449 | D:5      | Noticed Pikel
   449 | D:5      | Noticed a slave
   449 | D:5      | Noticed a slave
   450 | D:5      | Noticed a slave
   452 | D:5      | Noticed a slave
   456 | D:5      | Killed a slave
   461 | D:5      | Killed Pikel
   461 | D:5      | Reached skill level 4 in Spellcasting
   461 | D:5      | Reached XP level 4. HP: 19/33 MP: 5/14
   461 | D:5      | Reached XP level 5. HP: 21/38 MP: 5/16
   461 | D:5      | Reached XP level 6. HP: 24/45 MP: 5/18
   467 | D:5      | Learned a level 4 spell: Sticky Flame
   505 | D:5      | Got a pair of pitted gloves
   508 | D:5      | Identified the cursed +1 pair of gloves of Uzikun {rN+} (You found it on level 5 of the Dungeon)
   628 | D:6      | Reached XP level 7. HP: 27/50 MP: 4/21
   710 | D:7      | Reached skill level 5 in Spellcasting
   820 | D:8      | Reached skill level 5 in Fire Magic
   873 | D:7      | Found a staircase to the Ecumenical Temple.
   930 | D:7      | Found a blossoming altar of Fedhas.
   931 | D:7      | Found a shattered altar of Ashenzari.
   986 | D:8      | Paralysed by a giant eyeball for 2 turns
   989 | D:8      | Reached XP level 8. HP: 57/57 MP: 23/23
  1122 | D:8      | Reached skill level 6 in Spellcasting
  1185 | D:9      | Noticed Psyche
  1201 | D:9      | Killed Psyche
  1277 | D:9      | Reached skill level 5 in Conjurations
  1453 | D:10     | Entered Level 10 of the Dungeon
  1627 | D:10     | Learned a level 5 spell: Fireball
  1635 | D:10     | Found a staircase to the Lair.
  1636 | D:10     | Noticed a fire drake
  1703 | D:10     | Killed a fire drake
  1703 | D:10     | Reached skill level 7 in Spellcasting
  1879 | D:9      | Reached XP level 9. HP: 43/62 MP: 18/26
  1883 | D:9      | Mangled by a wyvern

Action                   |  1- 3 |  4- 6 |  7- 9 || total
-------------------------+-------+-------+-------++-------
Melee: Spear             |    23 |       |       ||    23
       Short sword       |    21 |    11 |   113 ||   145
       Unarmed           |     1 |       |       ||     1
 Cast: Flame Tongue      |    25 |       |    51 ||    76
       Conjure Flame     |     2 |       |    10 ||    12
       Sticky Flame      |       |     3 |    13 ||    16
  Use: Scroll            |       |       |    10 ||    10
 Stab: Sleeping          |     1 |       |       ||     1
